 Dungeon Crawl Stone Soup version 0.18.1-47-g9310371 (console) character file.

354 Kloppie the Poker (level 6, 0/56 HPs)
             Began as a Minotaur Berserker on June 16, 2016.
             Was an Elder of Trog.
             Slain by a mummy (13 damage)
             ... in an ossuary.
             The game lasted 00:05:26 (2654 turns).

Kloppie the Poker (Minotaur Berserker)              Turns: 2654, Time: 00:05:26

Health: 0/56       AC:  8    Str: 22    XL:     6   Next: 35%
Magic:  5/5        EV: 11    Int:  4    God:    Trog [****..]
Gold:   92         SH:  0    Dex: 11    Spells: 0 memorised, 5 levels left

rFire  . . .     SeeInvis .     a - +0 trident
rCold  . . .     Gourm    .     g - +3 ring mail
rNeg   . . .     Faith    .     (no shield)
rPois  .         Spirit   .     (helmet restricted)
rElec  .         Dismiss  .     (no cloak)
rCorr  .         Reflect  .     (no gloves)
SustAt .         Harm     .     (no boots)
MR     .....                    (no amulet)
Stlth  +.........               (no ring)
                                (no ring)

@: drained, not resistant to hostile enchantments, very unstealthy
A: retaliatory headbutt, horns 2
a: Berserk, Trog's Hand, Brothers in Arms, Burn Spellbooks, Renounce Religion


You were in an ossuary.
You worshipped Trog.
Trog was greatly pleased with you.
You were very hungry.

You visited 1 branch of the dungeon, and saw 4 of its levels.
You also visited: Ossuary.

You collected 92 gold pieces.

Inventory:

Hand Weapons
 a - a +0 trident (weapon)
 e - a +0 spear
Missiles
 i - 6 arrows
 j - a throwing net (quivered)
Armour
 g - a +3 ring mail (worn)
Scrolls
 d - 2 scrolls of teleportation
 h - a scroll of brand weapon {unknown}
 k - a scroll of enchant armour {unknown}
Potions
 b - a potion of flight
 f - 2 potions of degeneration
 l - 2 potions of resistance
 m - a potion of agility
 n - a potion of heal wounds {unknown}
 o - a potion of cancellation {unknown}
 p - a potion of might {unknown}
 q - a potion of curing {unknown}
Comestibles
 c - 2 bread rations


   Skills:
 + Level 5.2(4.9) Fighting
 * Level 6.6(6.2) Polearms
 + Level 4.7(4.3) Armour
 - Level 2.1(1.8) Dodging


You had 5 spell levels left.
You didn't know any spells.

Dungeon Overview and Level Annotations

Branches:
Dungeon (4/15)
 Temple: D:4-7

Altars:
Ashenzari
Trog
Xom


Innate Abilities, Weirdness & Mutations

You reflexively headbutt those who attack you in melee.
You have a pair of horns on your head.


Message History

You hit the mummy.
The mummy is almost destroyed.
The mummy hits you!
* * * LOW HITPOINT WARNING * * *
You are too injured to fight recklessly!
You are too injured to fight recklessly!
You are too injured to fight recklessly!
You are too injured to fight recklessly!
You completely miss the mummy.
The mummy is almost destroyed.
The mummy hits you!
* * * LOW HITPOINT WARNING * * *
You are feeling very hungry.
You completely miss the mummy.
The mummy is almost destroyed.
You're too hungry to go berserk.
You hit the mummy but do no damage.
The mummy is almost destroyed.
The mummy hits you!
You die...

...................
......#.#.........
.^....#+#.......##
..8...# #...8....+ .
......###.......####..
......................
.#.#..#.#^.#^#........
.#+#..#'#..#+#..####..
.# #..#.#..# #..@M?#
.###..###..###..####.
............^.........
......................
######################


You could see a mummy.

Vanquished Creatures
  An orc wizard (D:3)
  3 orc priests (D:3)
  Terence (D:2)
  2 mummies
  Robin (D:2)
  4 adders
  5 worms
  4 dart slugs
  3 giant geckos
  12 orcs (D:3)
  5 giant cockroaches
  9 hobgoblins
  A quokka (D:3)
  A ball python (D:3)
  7 bats
  4 giant newts
  21 goblins
  6 goblin zombies (Ossuary)
  2 hobgoblin zombies (Ossuary)
  5 kobolds
  4 kobold zombies (Ossuary)
  11 rats
112 creatures vanquished.

Notes
Turn   | Place    | Note
--------------------------------------------------------------
     0 | D:1      | Kloppie the Minotaur Berserker began the quest for the Orb.
     0 | D:1      | Reached XP level 1. HP: 19/19 MP: 0/0
   234 | D:1      | Reached skill level 4 in Polearms
   265 | D:1      | Reached XP level 2. HP: 27/27 MP: 1/1
   696 | D:2      | Noticed Terence
   701 | D:2      | Reached XP level 3. HP: 33/33 MP: 2/2
   713 | D:2      | Killed Terence
   717 | D:2      | Reached ** piety under Trog
   739 | D:2      | Reached XP level 4. HP: 19/40 MP: 3/3
   930 | D:2      | Noticed Robin
   942 | D:2      | Killed Robin
   945 | D:2      | Reached skill level 5 in Polearms
  1113 | D:2      | Found a faded altar to an unknown god.
  1332 | D:2      | Found a shattered altar of Ashenzari.
  1380 | D:2      | Found a shimmering altar of Xom.
  1576 | D:3      | Reached *** piety under Trog
  1586 | D:3      | Reached XP level 5. HP: 47/47 MP: 4/4
  1676 | D:3      | Reached skill level 5 in Fighting
  1676 | D:3      | Reached skill level 6 in Polearms
  1978 | D:3      | Reached XP level 6. HP: 48/56 MP: 5/5
  2053 | D:3      | Noticed a moth of wrath
  2164 | D:3      | Found a bloodstained altar of Trog.
  2249 | D:3      | Reached **** piety under Trog
  2378 | D:4      | Found a sand-covered staircase.
  2390 | Ossuary  | Entered an ossuary
  2390 | Ossuary  | Noticed a wraith
  2390 | Ossuary  | Noticed a wraith
  2390 | Ossuary  | Noticed a wraith
  2654 | Ossuary  | Slain by a mummy

Skill      XL: |  1  2  3  4  5 |
---------------+----------------+-----
Polearms       | 4 5 6 |  6.6
Armour         | 3 4 |  4.7
Fighting       | 4 5 |  5.2
Dodging        | |  2.1

Action                   |  1- 3 |  4- 6 || total
-------------------------+-------+-------++-------
Melee: Spear             |    65 |   118 ||   183
       Headbutt          |    12 |    39 ||    51
       Trident           |       |   108 ||   108
Invok: Berserk           |       |     1 ||     1
       Trog's Hand       |       |     1 ||     1
  Use: Scroll            |       |     8 ||     8
 Stab: Distracted        |       |     1 ||     1
  Eat: Chunk             |       |     6 ||     6
Armor: Ring mail         |    12 |    40 ||    52
Dodge: Dodged            |    25 |    82 ||   107
